Map: Romanticide LE

Players

SKillous

  • Race: Protoss Protoss

PtitDrogo - Winner!

  • Race: Protoss Protoss

Event: DreamHack SC2 Masters 2021 Winter

VOD

Have the link to the VOD?

Description

Time

  • Played on: Oct. 9, 2021, 10:44 a.m.
  • Length: 10:17

All games in this series

Show
View Real Time Build Order
Export as new Build Order

SKillous Protoss 

Build Orders: Oracle Opening 

Get SALT Encoding   

  12  0:00  Probe  
  13  0:12  Probe  
  14  0:18  Pylon  
  14  0:24  Probe (Chrono Boost)  
  15  0:37  Probe (Chrono Boost)  
  15  0:38  Gateway  
  16  0:45  Probe (Chrono Boost)  
  16  0:46  Assimilator  
  17  0:51  Probe  
  17  0:54  Assimilator  
  18  1:03  Probe (Chrono Boost)  
  19  1:07  Gateway  
  19  1:12  Probe (Chrono Boost)  
  19  1:17  Probe (Chrono Boost)  
  21  1:26  Cybernetics Core  
  21  1:30  Probe  
  22  1:36  Pylon  
  22  1:42  Probe  
  23  1:57  Probe  
  24  2:02  Stalker x2  
  24  2:04  Warp Gate  
  28  2:11  Pylon  
  28  2:15  Probe  
  29  2:22  Shield Battery  
  29  2:28  Pylon  
  29  2:46  Stargate  
  28  2:58  Nexus  
  28  3:04  Probe  
  29  3:16  Probe  
  30  3:26  Shield Battery  
  30  3:27  Oracle (Chrono Boost)  
  30  3:29  Probe  
  30  3:31  Shield Battery  
  34  3:41  Probe  
  35  3:52  Pylon  
  35  3:53  Probe  
  36  3:57  Oracle (Chrono Boost)  
  36  4:02  Twilight Council  
  39  4:10  Stalker  
  43  4:18  Pylon  
  43  4:20  Stalker  
  43  4:24  Probe  
  44  4:36  Probe  
  46  4:38  Stalker  
  46  4:41  Pylon  
  46  4:44  Stalker  
  48  4:51  Blink (Chrono Boost)  
  43  5:03  Probe (Chrono Boost)  
  43  5:04  Probe (Chrono Boost)  
  45  5:15  Probe (Chrono Boost)  
  47  5:24  Probe (Chrono Boost)  
  47  5:25  Probe (Chrono Boost)  
  47  5:26  Stalker x2  
  52  5:31  Probe x2 (Chrono Boost)  
  54  5:40  Probe  
  54  5:41  Probe  
  56  5:52  Probe  
  56  5:53  Probe  
  58  6:02  Stalker x2  
  59  6:04  Probe  
  59  6:06  Probe  
  59  6:10  Robotics Facility  
  58  6:11  Gateway  
  58  6:15  Assimilator  
  58  6:16  Probe  
  58  6:18  Probe  
  60  6:26  Pylon  
  60  6:28  Probe, Pylon  
  60  6:30  Probe  
  62  6:42  Forge  
  62  6:44  Probe x2  
  64  6:48  Adept  
  64  6:49  Adept  
  64  6:51  Pylon  
  68  6:58  Observer (Chrono Boost)  
  69  7:03  Nexus  
  69  7:05  Pylon  
  69  7:07  Protoss Ground Weapons Level 1 (Chrono Boost)  
  70  7:08  Probe x2  
  70  7:09  Stalker x2  
  70  7:10  Sentry  
  77  7:20  Probe  
  78  7:24  Immortal  
  78  7:25  Probe  
  83  7:32  Probe  
  84  7:38  Probe  
  84  7:43  Assimilator  
  81  7:44  Probe  
  81  7:48  Gateway x2  
  81  7:49  Gateway  
  82  7:52  Probe  
  82  7:55  Charge, Shield Battery  
  82  7:57  Probe  
  84  8:01  Templar Archives  
  84  8:04  Probe  
  85  8:09  Probe  
  85  8:11  Immortal  
  90  8:16  Probe  
  92  8:23  Shield Battery  
  91  8:27  Gateway  
  91  8:28  Gateway  
  91  8:31  Pylon  
  91  8:35  Probe  
  91  8:38  Photon Cannon, High Templar  
  91  8:39  High Templar  
  96  8:42  Archon  
  96  8:44  Assimilator  
  96  8:45  Assimilator  
  96  8:48  Pylon, Shield Battery  
  96  8:49  Probe  
  98  9:00  Pylon  
  98  9:02  Zealot x2  
  101  9:06  Warp Prism (Chrono Boost)  
  103  9:15  High Templar x2  
  103  9:16  Zealot  
  109  9:18  Zealot  
  109  9:19  Archon  
  111  9:30  Gateway  
  111  9:31  Gateway  
  111  9:32  Pylon  
  111  9:35  Zealot x2  
  111  9:44  Zealot x6  
  93  9:54  Zealot x2  
  72  10:04  Zealot x2  
  72  10:05  Zealot  
Show
View Real Time Build Order
Export as new Build Order

PtitDrogo Protoss - Winner!

Build Orders:  

Get SALT Encoding   

  12  0:00  Probe  
  13  0:12  Probe  
  14  0:17  Pylon  
  14  0:24  Probe (Chrono Boost)  
  15  0:36  Probe (Chrono Boost)  
  15  0:38  Gateway  
  16  0:44  Probe (Chrono Boost)  
  16  0:46  Assimilator  
  17  0:51  Probe  
  17  0:56  Assimilator  
  18  1:03  Probe (Chrono Boost)  
  20  1:12  Gateway, Probe (Chrono Boost)  
  20  1:17  Probe (Chrono Boost)  
  21  1:27  Cybernetics Core  
  21  1:32  Probe  
  22  1:37  Pylon  
  22  1:44  Probe  
  23  1:56  Probe  
  23  2:01  Warp Gate (Chrono Boost)  
  24  2:03  Adept  
  24  2:04  Adept  
  28  2:13  Pylon  
  28  2:33  Adept x2  
  32  2:38  Probe  
  32  2:50  Probe  
  33  2:51  Shield Battery  
  33  3:02  Probe  
  33  3:03  Adept x2  
  38  3:12  Shield Battery  
  38  3:14  Pylon  
  38  3:23  Nexus  
  38  3:26  Probe  
  39  3:39  Probe  
  40  3:42  Adept x2  
  40  3:47  Pylon  
  44  3:51  Probe  
  45  3:59  Twilight Council  
  45  4:03  Probe (Chrono Boost)  
  45  4:06  Sentry x2  
  50  4:15  Probe (Chrono Boost)  
  51  4:23  Probe (Chrono Boost)  
  52  4:29  Probe  
  53  4:34  Stalker  
  53  4:35  Stalker  
  53  4:36  Probe  
  58  4:42  Probe  
  49  4:54  Blink (Chrono Boost)  
  49  4:55  Probe x2 (Chrono Boost)  
  49  4:58  Stalker  
  53  5:04  Probe x2 (Chrono Boost)  
  53  5:09  Probe (Chrono Boost)  
  53  5:12  Stalker, Probe  
  55  5:19  Gateway  
  55  5:21  Probe  
  54  5:24  Probe  
  54  5:25  Stalker  
  58  5:35  Probe  
  58  5:41  Stalker  
  60  5:44  Probe, Pylon  
  60  5:45  Assimilator  
  60  5:48  Stalker, Gateway, Forge  
  63  5:53  Probe  
  61  6:07  Probe  
  62  6:13  Probe  
  62  6:16  Nexus  
  63  6:19  Stalker x2  
  63  6:22  Pylon  
  63  6:23  Probe  
  68  6:29  Robotics Facility, Protoss Ground Weapons Level 1 (Chrono Boost)  
  68  6:31  Probe  
  69  6:36  Phoenix, Probe  
  70  6:43  Probe  
  71  6:48  Probe  
  71  6:52  Photon Cannon, Stalker  
  71  6:53  Stalker  
  76  6:55  Probe  
  76  7:00  Stalker, Probe  
  80  7:07  Probe  
  81  7:11  Shield Battery  
  81  7:12  Probe, Pylon  
  82  7:17  Observer  
  82  7:19  Probe  
  84  7:24  Probe  
  84  7:26  Phoenix, Charge  
  84  7:29  Probe, Templar Archives  
  85  7:32  Phoenix, Probe  
  82  7:38  Probe (Chrono Boost)  
  82  7:41  Warp Prism, Probe (Chrono Boost)  
  82  7:44  Probe (Chrono Boost)  
  87  7:46  Gateway x2  
  87  7:50  Probe (Chrono Boost)  
  88  7:51  Assimilator  
  88  7:58  Probe (Chrono Boost)  
  88  8:00  Stalker x2  
  88  8:01  Stalker, Zealot, Probe (Chrono Boost)  
  101  8:17  Gateway x2  
  98  8:20  Gateway  
  98  8:26  Pylon  
  98  8:28  Nexus  
  98  8:38  High Templar x2  
  98  8:39  Zealot x2  
  98  8:40  Zealot  
  108  8:42  Pylon  
  108  8:43  Archon  
  108  8:44  Pylon  
  108  8:51  Shield Battery  
  108  8:56  Zealot  
  108  9:01  Zealot x3  
  116  9:03  Pylon  
  116  9:06  Pylon  
  116  9:11  High Templar x2  
  116  9:12  Zealot x2  
  116  9:17  Archon  
  124  9:18  Zealot x2  
  124  9:22  Zealot x3  
  134  9:39  Zealot x4  
  134  9:44  Zealot x5  
  92  10:10  Zealot x9  

Tags
 
Add a new tag
Caveats
  • Supply blocks, unpowered buildings, or Contaminate may cause inaccurate times.
  • Supply counts are checked every 10 seconds.